 Dungeon Crawl Stone Soup version 0.25-a0-105-g2289b3b9f1 (webtiles) character file.

Game seed: 1826358885715084879, levelgen mode: deterministic

3423 Cinder the Cleaver (level 9, -4/83 HPs)
             Began as a Minotaur Berserker on Nov 16, 2019.
             Was an Elder of Trog.
             Slain by a three-headed hydra (7 damage)
             ... on level 8 of the Dungeon.
             The game lasted 00:16:47 (8762 turns).

Cinder the Cleaver (Minotaur Berserker)             Turns: 8762, Time: 00:16:48

Health: -4/83      AC: 15    Str: 24    XL:     9   Next: 76%
Magic:  8/8        EV:  9    Int:  5    God:    Trog [****..]
Gold:   309        SH:  0    Dex: 10    Spells: 8/8 levels left

rFire    . . .     SeeInvis .   N - +1 scimitar (flame)
rCold    . . .     Gourm    .   (no shield)
rNeg     . . .     Faith    .   w - +0 chain mail
rPois    .         Spirit   .   (helmet restricted)
rElec    .         Reflect  .   o - +0 cloak
rCorr    +         Harm     .   L - +0 pair of gloves
MR       ++...                  H - +0 pair of boots
Stlth    ..........             (no amulet)
HPRegen  1.23/turn              (no ring)
MPRegen  0.11/turn              p - ring of resist corrosion

@: regenerating
A: retaliatory headbutt, horns 2
a: Berserk, Trog's Hand, Brothers in Arms, Renounce Religion


You were on level 8 of the Dungeon.
You worshipped Trog.
Trog was greatly pleased with you.
You were not hungry.

You visited 1 branch of the dungeon, and saw 8 of its levels.

You collected 309 gold pieces.

Inventory:

Hand Weapons
 a - a +0 hand axe
 h - a +3 dagger
 r - a cursed -1 trident
 t - a +3 dagger of venom
 I - a +0 war axe
 N - a +1 scimitar of flaming (weapon)
Missiles
 d - 322 stones (quivered)
 j - 81 poisoned darts
 C - 4 javelins
Armour
 o - a +0 cloak (worn)
 w - a +0 chain mail (worn)
 H - a +0 pair of boots (worn)
 L - a +0 pair of gloves (worn)
Jewellery
 g - an uncursed ring of magical power
 p - a ring of resist corrosion (right hand)
 E - an uncursed amulet of faith {unknown}
 F - an uncursed ring of fire
 K - an uncursed ring of protection from cold {unknown}
Wands
 b - a wand of flame (16)
 z - a wand of acid (21)
 M - a wand of disintegration (6)
Scrolls
 e - a scroll of vulnerability {unknown}
 k - 3 scrolls of immolation
 v - a scroll of enchant weapon
 y - 2 scrolls of teleportation
 A - a scroll of remove curse
 B - 2 scrolls of blinking
 D - a scroll of magic mapping {unknown}
Potions
 i - 3 potions of flight
 l - a potion of haste {unknown}
 m - 2 potions of degeneration {unknown}
 n - a potion of agility {unknown}
 q - 2 potions of mutation {unknown}
 s - a potion of resistance {unknown}
 u - 2 potions of curing
 x - a potion of lignification {unknown}
 G - a potion of magic {unknown}
 J - a potion of invisibility {unknown}
Comestibles
 c - 11 rations


   Skills:
 + Level 9.1 Fighting
 * Level 12.1 Axes
 + Level 8.7 Armour
 - Level 2.1 Dodging


You had 8 spell levels left.
You didn't know any spells.
Your spell library was empty.

Dungeon Overview and Level Annotations

Branches:
Dungeon (8/15)             Temple (0/1) D:6
   Lair: D:8-11

Altars:
Ashenzari
Hepliaklqana
Ru
Wu Jian
Zin
The Shining One


Innate Abilities, Weirdness & Mutations

You reflexively headbutt those who attack you in melee.
You have a pair of horns on your head.


Message History

You feel better.
The three-headed hydra bites you but does no damage. x2
The three-headed hydra barely misses you.
Your skin crawls.
You feel resistant to hostile enchantments.
You feel somewhat more hungry.
The three-headed hydra bites you but does no damage.
The three-headed hydra bites you.
* * * LOW HITPOINT WARNING * * *
The three-headed hydra closely misses you.
Your ogre goes berserk!
You feel quite a bit more hungry.
The three-headed hydra barely misses you.
You riposte.
You slash the three-headed hydra! You burn the three-headed hydra.
Your headbutt misses the three-headed hydra.
The three-headed hydra is severely wounded.
The three-headed hydra bites you!
* * * LOW HITPOINT WARNING * * *
The three-headed hydra bites you!
You die...

#.....#
#####.#
#.#
#####.#
#.....#
#.#####
#.#<..#
#.###.#
#.OD@.#
#######


You could see a three-headed hydra and a friendly ogre (berserk).

Vanquished Creatures
  Erica (D:7)
  A human (D:7)
  4 hogs (D:7)
  A hungry ghost (D:7)
  2 ice beasts
  An orc warrior (D:6)
  A phantom (D:5)
  2 sky beasts
  An ogre (D:4)
  2 centaurs (D:5)
  2 bullfrogs
  A scorpion (D:5)
  A howler monkey (D:6)
  2 crimson imps
  A bullfrog zombie (D:5)
  A jelly (D:6)
  5 orc wizards
  2 orc priests
  A bullfrog skeleton (D:5)
  A centaur skeleton (D:5)
  3 hounds
  An iguana (D:5)
  4 worker ants
  2 hound skeletons (D:5)
  A hound zombie (D:5)
  A worker ant zombie (D:5)
  3 gnolls (D:4)
  A howler monkey skeleton (D:5)
  12 adders
  2 oozes
  A worm (D:1)
  2 dart slugs
  5 leopard geckos
  28 orcs
  6 giant cockroaches
  4 goblins
  11 hobgoblins
  6 jackals
  5 quokkas
  2 ball pythons (D:1)
  6 bats
  3 frilled lizards
  13 kobolds
  A leopard gecko zombie (D:5)
  A quokka skeleton (D:4)
  12 rats
169 creatures vanquished.

Notes
Turn   | Place    | Note
-------+----------+-------------------------------------------
     0 | D:1      | Cinder the Minotaur Berserker began the quest for the Orb.
     0 | D:1      | Reached XP level 1. HP: 19/19 MP: 0/0
   126 | D:1      | Reached skill level 4 in Axes
   186 | D:1      | Reached XP level 2. HP: 27/27 MP: 1/1
   637 | D:2      | Reached ** piety under Trog
   642 | D:2      | Reached XP level 3. HP: 29/33 MP: 2/2
  1090 | D:2      | Reached skill level 5 in Axes
  1097 | D:2      | Reached XP level 4. HP: 34/41 MP: 3/3
  1970 | D:3      | Reached *** piety under Trog
  2130 | D:3      | Reached XP level 5. HP: 17/47 MP: 4/4
  2712 | D:3      | Noticed an ice beast
  2727 | D:3      | Killed an ice beast
  2727 | D:3      | Reached skill level 5 in Fighting
  2727 | D:3      | Reached skill level 6 in Axes
  2727 | D:3      | Reached XP level 6. HP: 42/56 MP: 5/5
  2878 | D:3      | Found a shattered altar of Ashenzari.
  2909 | D:3      | Found an ornate altar of the Wu Jian Council.
  2909 | D:3      | Found a glowing golden altar of the Shining One.
  2949 | D:3      | Found a glowing silver altar of Zin.
  2949 | D:3      | Found a hazy altar of Hepliaklqana.
  3323 | D:4      | Found a sacrificial altar of Ru.
  3701 | D:4      | Reached skill level 7 in Axes
  3819 | D:4      | Reached XP level 7. HP: 43/62 MP: 6/6
  3823 | D:4      | Reached skill level 5 in Armour
  4520 | D:5      | Entered Level 5 of the Dungeon
  4570 | D:5      | Reached **** piety under Trog
  4577 | D:5      | Reached skill level 8 in Axes
  5001 | D:5      | Reached XP level 8. HP: 70/71 MP: 7/7
  5153 | D:5      | Reached skill level 9 in Axes
  6168 | D:6      | Reached skill level 10 in Axes
  6271 | D:6      | Found a staircase to the Ecumenical Temple.
  7586 | D:7      | Reached XP level 9. HP: 75/81 MP: 8/8
  7789 | D:7      | Reached skill level 11 in Axes
  8447 | D:8      | Noticed Erica
  8684 | D:7      | Killed Erica
  8684 | D:7      | Reached skill level 12 in Axes
  8723 | D:8      | Noticed a seven-headed hydra
  8745 | D:8      | HP: 4/83 [three-headed hydra (1)]
  8758 | D:8      | HP: 3/83 [three-headed hydra (6)]
  8762 | D:8      | Slain by a three-headed hydra

Levels and vault maps discovered:
D:1:      evilmike_arrival_run_for_it, layout_rooms
D:2:      kennysheep_six_static_rooms, layout_basic, kennysheep_small_spiral
D:3:      layout_rooms, grunt_temple_overflow_cloverleaf, first_ration,
          chequers_serial_rivers_micro_d, roderic_lattice_a,
          nicolae_ashenzari_panopticon
D:4:      layout_basic, marbit_many_paths
D:5:      layout_basic, minmay_increasing_density
D:6:      layout_basic, minmay_temple_entry_nine_rooms
D:7:      layout_basic, grunt_livestock, moated_statue
D:8:      layout_basic, nicolae_lava_and_water, uniq_maurice, uniq_erica

Skill      XL: |  1  2  3  4  5  6  7  8  9 |
---------------+----------------------------+-----
Axes           | 4 5 6 7 8 10 12 | 12.1
Fighting       | 4 5 6 7 9 |  9.1
Armour         | 3 4 5 7 8 |  8.7
Dodging        | |  2.1

Action                   |  1- 3 |  4- 6 |  7- 9 || total
-------------------------+-------+-------+-------++-------
Melee: Hand axe          |    12 |       |       ||    12
       Headbutt          |     8 |    32 |    72 ||   112
       Dagger            |    65 |   178 |   303 ||   546
       Scimitar          |       |       |     8 ||     8
Throw: Stone             |     2 |       |       ||     2
Invok: Trog's Hand       |       |     1 |     1 ||     2
       Brothers in Arms  |       |       |     1 ||     1
  Use: Scroll            |       |     3 |     7 ||    10
       Potion            |       |     1 |     3 ||     4
  Eat: Chunk             |       |    10 |     8 ||    18
       Ration            |       |       |     4 ||     4
Armor: Scale mail        |    24 |    31 |       ||    55
       Chain mail        |       |    65 |   201 ||   266
Dodge: Dodged            |    52 |    69 |   130 ||   251
       Rpst.: Scimitar   |       |       |     2 ||     2

Table legend:
 A = Non-vault XP
 B = Vault XP
 C = Vault XP percentage of total XP
 D = Non-vault monster count
 E = Vault monster count
 F = Vault count percentage of total count
                 A         B        C        D         E       F
            +---------+---------+-------+---------+---------+-------
      Total |    2675 |    2215 |  45.3 |     151 |      18 |  10.7
            +---------+---------+-------+---------+---------+-------
        D:1 |      29 |       5 |  14.7 |      18 |       1 |   5.3
        D:2 |      81 |      32 |  28.3 |      27 |       6 |  18.2
        D:3 |     292 |       0 |   0.0 |      34 |       0 |   0.0
        D:4 |     484 |       0 |   0.0 |      25 |       0 |   0.0
        D:5 |     844 |     281 |  25.0 |      30 |       5 |  14.3
        D:6 |     593 |       0 |   0.0 |      10 |       0 |   0.0
        D:7 |     312 |    1897 |  85.9 |       6 |       6 |  50.0
        D:8 |      40 |       0 |   0.0 |       1 |       0 |   0.0
            +---------+---------+-------+---------+---------+-------
